 Dungeon Crawl Stone Soup version 0.21-a0-442-g848f44b (webtiles) character file.

678 slep the Slasher (level 7, -9/73 HPs)
             Began as a Demonspawn Monk on Nov 13, 2017.
             Was a Priest of Okawaru.
             Killed by divine providence
             ... invoked by an orc priest
              (13 damage)
             ... on level 5 of the Dungeon.
             The game lasted 00:25:41 (4053 turns).

slep the Slasher (Demonspawn Monk)                  Turns: 4053, Time: 00:25:41

Health: -9/73      AC: 23    Str: 14    XL:     7   Next: 34%
Magic:  7/7        EV:  2    Int: 11    God:    Okawaru [***...]
Gold:   204        SH:  0    Dex: 15    Spells: 6/6 levels left

rFire    . . .     SeeInvis .   a - +0 falchion
rCold    . . .     Gourm    .   (no shield)
rNeg     + + +     Faith    .   (armour currently unavailable)
rPois    +         Spirit   .   (helmet currently unavailable)
rElec    .         Reflect  .   (cloak currently unavailable)
rCorr    .         Harm     .   (gloves currently unavailable)
MR       .....     NoTele   +   (boots currently unavailable)
Stlth    ++........             (no amulet)
HPRegen  0.22/turn              (no ring)
MPRegen  0.10/turn              (no ring)

@: tree-form, hasted, very quick
A: frail 1, powered by pain 1
a: Heroism, Renounce Religion


You were on level 5 of the Dungeon.
You worshipped Okawaru.
Okawaru was most pleased with you.
You were not hungry.
You were a tree.
You visited 1 branch of the dungeon, and saw 5 of its levels.

You collected 204 gold pieces.

Inventory:

Hand Weapons
 a - a +0 falchion (weapon)
 r - a +0 dagger of venom
Armour
 b - a +1 cloak (melded)
 l - a +0 robe of resistance
 n - a +1 ring mail (melded)
Wands
 d - a wand of iceblast (5/15)
 p - a wand of iceblast (2/15)
Scrolls
 g - a scroll of blinking {unknown}
 j - 2 scrolls of amnesia {unknown}
 m - 3 scrolls of fog {unknown}
 o - a scroll of enchant armour
 t - a scroll of fear {unknown}
 u - a scroll of enchant weapon {unknown}
Potions
 k - a potion of agility {unknown}
 q - a potion of curing
Comestibles
 c - 4 bread rations
 f - 2 meat rations
 h - 3 royal jellies


   Skills:
 + Level 4.3 Fighting
 + Level 5.6 Long Blades
 + Level 3.1 Armour
 + Level 3.7 Dodging
 + Level 2.5 Stealth


You had 6 spell levels left.
You didn't know any spells.

Dungeon Overview and Level Annotations

Branches:
Dungeon (5/15)
 Temple: D:4-7

Altars:
Ashenzari
Cheibriados
Fedhas
Makhleb
Okawaru
Vehumet
Yredelemnul
Zin

Annotations:
D:3 Blork the orc


Innate Abilities, Weirdness & Mutations

((You have sharp toenails.))
You sometimes gain a little power by taking damage.
((Your movements are slightly less encumbered by armour. (ER -2)))
((You have a pair of small horns on your head.))
You are frail. (-10% HP)
((You are occasionally teleported next to monsters.))


Message History

* * * LOW HITPOINT WARNING * * *
You hit the adder.
The adder is moderately wounded.
The adder bites you but does no damage.
You hit the adder.
The adder is severely wounded.
The adder bites you but does no damage.
You barely miss the adder.
The adder is severely wounded.
You hit the adder.
The adder is almost dead.
The adder bites you.
* * * LOW HITPOINT WARNING * * *
You slash the adder!
You kill the adder!
Okawaru accepts your kill.
You hit the orc wizard but do no damage.
The orc priest mumbles some strange prayers to Beogh against you.
Beogh smites you!
You die...

.# .. ### #. #.####
#.#### #....#### ..##.
#.##....####.##.
#####.#####....#.##.
###.o♣..# ###.......
####..o#######...........
#..............###.......
......$.........
....#...#.
............##..
####..#.##
###.......<.... #.##.#
#.........### ... #.#
#.>.......# #.## #.#
#.........# .. ..#


You could see an orc priest and an orc wizard.

Vanquished Creatures
  Sigmund (D:4)
  A crimson imp (D:5)
  A hound (D:4)
  Crazy Yiuf (D:3)
  2 bullfrog skeletons (D:5)
  Natasha (thrice) (D:3)
  5 worker ants
  6 adders
  An adder skeleton (D:4)
  A worm (D:2)
  8 dart slugs
  3 leopard geckos
  2 orcs
  A ball python (D:2)
  5 giant cockroaches
  16 goblins
  11 hobgoblins
  4 jackals (D:2)
  4 bats
  4 frilled lizards
  12 kobolds
  8 rats
  A spectral orc (D:2)
101 creatures vanquished.

Notes
Turn   | Place    | Note
-------+----------+-------------------------------------------
     0 | D:1      | slep the Demonspawn Monk began the quest for the Orb.
     0 | D:1      | Reached XP level 1. HP: 18/18 MP: 1/1
   106 | D:1      | Reached skill level 3 in Long Blades
   106 | D:1      | Gained mutation: You have sharp toenails. [demonic ancestry]
   106 | D:1      | Reached XP level 2. HP: 24/24 MP: 2/2
   396 | D:1      | Reached XP level 3. HP: 26/29 MP: 3/3
   557 | D:2      | Found an iron altar of Okawaru.
   575 | D:2      | Became a worshipper of Warmaster Okawaru
   575 | D:2      | Reached * piety under Okawaru
   575 | D:2      | Reached ** piety under Okawaru
   678 | D:2      | HP: 1/29 [kobold (2)]
   729 | D:2      | Found a snail-covered altar of Cheibriados.
  1205 | D:2      | Found an iron altar of Okawaru.
  1305 | D:2      | Found a basalt altar of Yredelemnul.
  1430 | D:2      | Reached XP level 4. HP: 29/36 MP: 4/4
  1621 | D:3      | Reached skill level 4 in Long Blades
  1677 | D:3      | Noticed Natasha
  1678 | D:3      | Gained mutation: You are frail. (-10% HP) [potion of mutation]
  1678 | D:3      | Gained mutation: You are occasionally teleported next to monsters. [potion of mutation]
  1678 | D:3      | Gained mutation: You have a pair of small horns on your head. [potion of mutation]
  1687 | D:3      | Killed Natasha
  1695 | D:3      | Found a burning altar of Makhleb.
  1763 | D:3      | Found a runed door.
  1813 | D:3      | Gained mutation: You sometimes gain a little power by taking damage. [demonic ancestry]
  1813 | D:3      | Reached XP level 5. HP: 27/37 MP: 5/5
  1860 | D:3      | Noticed Natasha
  1873 | D:3      | Killed Natasha
  1873 | D:3      | Reached skill level 1 in Armour
  2211 | D:3      | Noticed Natasha
  2217 | D:3      | Killed Natasha
  2227 | D:3      | Found a radiant altar of Vehumet.
  2347 | D:3      | Noticed Blork the orc
  2869 | D:3      | Noticed Crazy Yiuf
  2877 | D:3      | Killed Crazy Yiuf
  3005 | D:4      | Reached XP level 6. HP: 32/43 MP: 6/6
  3067 | D:4      | Found a glowing silver altar of Zin.
  3369 | D:4      | Noticed Sigmund
  3590 | D:4      | Killed Sigmund
  3590 | D:4      | Reached *** piety under Okawaru
  3590 | D:4      | Reached skill level 5 in Long Blades
  3590 | D:4      | Gained mutation: Your movements are slightly less encumbered by armour. (ER -2) [demonic ancestry]
  3590 | D:4      | Reached XP level 7. HP: 41/48 MP: 7/7
  3661 | D:4      | Found a shattered altar of Ashenzari.
  3894 | D:4      | Found a blossoming altar of Fedhas.
  3968 | D:5      | Entered Level 5 of the Dungeon
  4040 | D:5      | HP: 2/49 [worker ant (7)]
  4053 | D:5      | Killed from afar by an orc priest

Vault maps used:
D:1:      scummos_arrival_checkerplants
D:2:      cheibrodos_greedy_goblins, yredelemnul_forgotten_temple_becter,
          kennysheep_slug_shrine, overflow_temple_1_default,
          okawaru_metal_pillars_3
D:3:      vehumet_crystals, overflow_temple_1_default, first_bread, tgw_sif,
          uniq_crazy_yiuf_cottage, uniq_natasha
D:4:      nicolae_overflow_hidden_temple, kennysheep_little_box,
          kennysheep_mini_moat, uniq_sigmund
D:5:      lemuel_doored_altar, cheibrodos_sewer_entry_bend, item_on_display_a,
          uniq_ijyb

Skill      XL: |  1  2  3  4  5  6  7 |
---------------+----------------------+-----
Long Blades    | 3 4 5 |  5.6
Dodging        | 3 |  3.7
Armour         | 1 2 3 |  3.1
Stealth        | 2 |  2.5
Fighting       | 4 |  4.3

Action                   |  1- 3 |  4- 6 |  7- 9 || total
-------------------------+-------+-------+-------++-------
Melee: Falchion          |   123 |   149 |    51 ||   323
       Kick              |    31 |    52 |    18 ||   101
       Headbutt          |       |    21 |    10 ||    31
       Dagger            |       |    12 |       ||    12
  Use: Potion            |       |     3 |     3 ||     6
       Scroll            |       |     7 |       ||     7
 Stab: Sleeping          |       |     2 |       ||     2
  Eat: Chunk             |     1 |     7 |     2 ||    10
Armor: Leather armour    |    14 |       |       ||    14
       Ring mail         |    13 |    47 |     8 ||    68
       Robe              |     2 |       |       ||     2
       Skin              |       |       |     5 ||     5
Dodge: Dodged            |    74 |    84 |    24 ||   182
       Rpst.: Falchion   |    17 |    28 |     8 ||    53

Table legend:
 A = Spawn XP
 B = Non-spawn XP
 C = Spawn XP percentage of total XP
 D = Spawn monster count
 E = Non-spawn monster count
 F = Spawn count percentage of total count
 G = Total turns spent on level
                    A         B        C        D         E        F      G
               +---------+---------+-------+---------+---------+-------+---------
         Total |       0 |     969 |   0.0 |       0 |     101 |   0.0 |  4053
               +---------+---------+-------+---------+---------+-------+---------
           D:1 |       0 |      43 |   0.0 |       0 |      23 |   0.0 |   554
           D:2 |       0 |      64 |   0.0 |       0 |      30 |   0.0 |  1070
           D:3 |       0 |     224 |   0.0 |       0 |      28 |   0.0 |  1348
           D:4 |       0 |     454 |   0.0 |       0 |      13 |   0.0 |   996
           D:5 |       0 |     184 |   0.0 |       0 |       7 |   0.0 |    85
               +---------+---------+-------+---------+---------+-------+---------
